 Dungeon Crawl Stone Soup version 0.16-a0-2984-g889390b (webtiles) character file.

83771 M4edhros the Unseen (level 15, -11/90 HPs)
             Began as an Octopode Artificer on Dec 2, 2014.
             Was a High Priest of Fedhas.
             Mangled by a bone dragon (21 damage)
             ... on level 1 of the Abyss on Dec 6, 2014.
             The game lasted 03:23:33 (30390 turns).

M4edhros the Unseen (Octopode Artificer)           Turns: 30390, Time: 03:23:34

Health: -11/90     AC:  3    Str: 11    XL:     15   Next: 78%
Magic:  0/29       EV: 19    Int: 20    God:    Fedhas [*****.]
Gold:   1079       SH:  5    Dex: 11    Spells: 10 memorised, 2 levels left

rFire  + + .     SeeInvis .     O - +0 rod of inaccuracy (7/11)
rCold  x . .     Rnd*Rage +     k - +0 buckler {rN+}
rNeg   + + .     SustAb   .     (helmet restricted)
rPois  +         Gourm    .     j - amulet of guardian spirit
rElec  .         Spirit   +     h - +3 ring of evasion
rCorr  .         Warding  .     u - ring of wizardry
rMut   .         Stasis   .     w - ring of flight
MR     +....                    z - +4 ring of slaying
Stlth  ++++++++..               K - ring of wizardry
                                W - ring of positive energy
                                i - ring of protection from fire
                                M - ring of fire

@: somewhat resistant to hostile enchantments, extraordinarily stealthy
A: almost no armour, amphibious, 8 rings, constrict 8, slimy green scales 1,
camouflage 1, berserk 1, clumsy 1, frail 1, mutation resistance 1, poison
resistance, gelatinous body 1
a: Evolution, Sunlight, Growth, Reproduction, Rain, Renounce Religion, Evoke
Flight


You were on level 1 of the Abyss.
You worshipped Fedhas.
Fedhas was extremely pleased with you.
You were hungry.

You visited 5 branches of the dungeon, and saw 28 of its levels.
You visited the Abyss 2 times.
You also visited: Ice Cave.

You collected 2723 gold pieces.
You spent 1644 gold pieces at shops.

Inventory:

Hand weapons
 m - the +12 halberd of Ragnarok {chop, rF+ rC++ SInv}
   (You found it on level 8 of the Lair of Beasts)

   It inflicts extra damage upon your enemies.
   It protects you from fire.
   It greatly protects you from cold.
   It enhances your eyesight.
 J - a +3 hunting sling
Missiles
 e - 66 sling bullets
 o - 150 stones (quivered)
 I - 3 throwing nets
 Z - 19 sling bullets of frost
Armour
 k - a +0 buckler of positive energy (worn)
Rods
 O - a +0 rod of inaccuracy (7/11) (weapon)
   (You bought it in a shop on level 4 of the Orcish Mines)
Jewellery
 h - a +3 ring of evasion (left tentacle)
 i - a ring of protection from fire (on tentacle)
 j - an amulet of guardian spirit (around mantle)
 u - a ring of wizardry (right tentacle)
 w - a ring of flight (on tentacle)
 z - a +4 ring of slaying (on tentacle)
 K - a ring of wizardry (on tentacle)
 M - a ring of fire (on tentacle)
 W - a ring of positive energy (on tentacle)
Magical devices
 c - a wand of enslavement (10)
 n - a wand of polymorph (7)
 r - a wand of digging (6)
 t - a wand of confusion (14)
 v - a wand of cold (0)
 E - a wand of fire (0)
 G - a wand of polymorph (6)
 H - a wand of draining (2)
 L - a wand of paralysis (17)
 X - a wand of teleportation (0)
 Y - a wand of lightning (6)
Scrolls
 a - a scroll of magic mapping
 g - a scroll of fog {unknown}
 l - 2 scrolls of summoning
 q - a scroll of identify
 A - 9 scrolls of teleportation
 P - 3 scrolls of fear
 S - 2 scrolls of blinking
Potions
 p - 4 potions of curing
 x - a potion of mutation
 B - 2 potions of agility
 C - a potion of magic
 N - 3 potions of invisibility
 R - 2 potions of cancellation
 T - 3 potions of resistance
 U - a potion of lignification {unknown}
Miscellaneous
 b - a disc of storms
 d - a fan of gales
 y - a lantern of shadows
Comestibles
 f - 12 bread rations
 s - a fruit


   Skills:
 + Level 9.1 Fighting
   Level 1.0 Short Blades
 + Level 13.4 Slings
 + Level 9.4 Dodging
 - Level 15.0 Stealth
 + Level 5.7 Shields
 - Level 6.3 Spellcasting
 - Level 5.7 Conjurations
 - Level 5.1 Fire Magic
 + Level 11.2 Invocations
 * Level 10.3 Evocations


You had 2 spell levels left.
You knew the following spells:

 Your Spells              Type           Power        Failure   Level  Hunger
a - Blink                 Tloc           N/A          4%          2    None
b - Stoneskin             Trmt/Erth      #.......     4%          2    None
c - Spider Form           Trmt/Pois      #.........   9%          3    ##.....
d - Summon Butterflies    Summ           #.......     3%          1    None
e - Corpse Rot            Necr           N/A          4%          2    None
f - Sticks to Snakes      Trmt           #.........   4%          2    None
g - Conjure Flame         Conj/Fire      #####...     1%          3    ##.....
h - Sticky Flame          Conj/Fire      #####...     3%          4    ####...
i - Throw Flame           Conj/Fire      #####.       1%          2    None
j - Inner Flame           Hex/Fire       ###.....     3%          3    ##.....


Dungeon Overview and Level Annotations

Branches:
Dungeon (12/15)            Temple (1/1) D:5            Lair (8/8) D:9
  Swamp (0/5) Lair:3        Snake (0/5) Lair:4        Slime (0/6) Lair:6
    Orc (4/4) D:12            Elf (3/3) Orc:4

Altars:
Ashenzari
Cheibriados
Dithmenos
Elyvilon
Fedhas
Gozag
Kikubaaqudgha
Makhleb
Nemelex Xobeh
Okawaru
Qazlal
Ru
Sif Muna
Trog
Vehumet
Xom
Yredelemnul
Zin
The Shining One

Shops:
D:6 *%!   D:8 *   D:9 *   D:12 !   Orc:4 [[}%

Portals:
Trove: D:12 (give +4 ice dragon armour)


Innate Abilities, Weirdness & Mutations

You cannot wear most types of armour.
You are amphibious.
You can wear up to eight rings at the same time.
You can use your tentacles to constrict many enemies at once.
Your skin changes colour to match your surroundings (Stealth).
Your rubbery body absorbs attacks (AC +1).
You are partially covered in slimy green scales (AC +2).
You tend to lose your temper in combat.
You are clumsy. (Dex -2)
You are frail (-10% HP).
You are somewhat resistant to further mutation.
Your system is resistant to poisons.


Message History

The bone dragon bites you!!
* * * LOW HITPOINT WARNING * * *
The bone dragon completely misses you. The bone dragon tramples you!!
* * * LOW HITPOINT WARNING * * *
You stumble backwards!
A raiju comes into view.
A raiju comes into view.
Found 22 sling bullets.
Drink which item? (? for menu, Esc to quit)
Okay, then.
A bone dragon comes into view.
Drink which item? (? for menu, Esc to quit)
You feel much better. The bone dragon bites you!
* * * LOW HITPOINT WARNING * * *
The bone dragon completely misses you. The bone dragon tramples you!
* * * LOW HITPOINT WARNING * * *
You stumble backwards!
The bone dragon bites you!!
You die...
Fedhas appreciates your contribution to the ecosystem.

..# .... D...
... ... ##.# #
##. . ###.## ..
. . ##...@# ..
...### ##...D.#
... .
#..##.#....#
...#
#......##..# ##
#####..........#
....
##.#.....#..##
.#
#.....#......##
# ...... ......
#..#.........h.(


You could see a bone dragon.

Vanquished Creatures
  A deep elf blademaster (Elf:3)
  2 deep elf sorcerers (Elf:3)
  3 deep elf demonologists (Elf:3)
  3 deep elf annihilators (Elf:3)
  3 hydras
  6 death yaks
  A catoblepas (Lair:5)
  3 deep elf knights
  3 deep elf summoners
  An ice statue (IceCv)
  Prince Ribbit (D:6)
  7 deep elf conjurers
  2 orc sorcerers
  3 orc knights (Orc:4)
  2 black mambas
  5 elephants
  Joseph (D:10)
  2 centaur skeletons
  9 spiny frogs
  A kobold demonologist (D:12)
  4 komodo dragons
  3 deep elf priests (Elf:1)
  3 fire drakes
  A giant leech (Lair:8)
  15 polar bears
  5 blink frogs
  2 two-headed ogres (D:11)
  9 deep elf magi
  A shadow (D:12)
  A redback (Elf:2)
  A hungry ghost (D:11)
  A steam dragon (D:8)
  35 yaks
  3 deep elf fighters
  A neqoxec (Orc:4)
  A warg (Orc:3)
  2 vampire mosquitoes (Lair:8)
  4 hippogriffs
  15 wolves
  6 water moccasins
  3 sky beasts
  6 porcupines
  5 orc warriors
  An ice beast (D:9)
  A yellow wasp (D:8)
  7 ogres
  2 phantoms
  5 centaurs
  8 crocodiles
  A big kobold (D:9)
  29 giant frogs
  A brain worm (D:11)
  3 scorpions
  4 electric eels
  5 killer bees
  A goliath beetle (D:9)
  3 crimson imps
  3 hounds
  11 jellies
  A quasit (D:5)
  9 orc priests
  9 iguanas
  3 gnolls
  2 giant frog skeletons
  An iron imp (D:12)
  6 worker ants
  21 orc wizards
  An orange rat (Elf:2)
  8 sheep
  A mummy (D:9)
  2 hound skeletons
  51 river rats
  7 shadow imps
  21 adders
  A white imp (D:12)
  2 giant mites
  6 worms
  6 giant geckos
  2 oozes (Lair:6)
  116 orcs
  18 bats
  2 bat skeletons
  9 giant cockroaches
  21 goblins
  18 hobgoblins
  13 jackals
  9 quokkas
  A giant gecko skeleton (D:4)
  7 giant newts
  18 kobolds
  22 rats
685 creatures vanquished.

Vanquished Creatures (collateral kills)
  A deep elf master archer (Elf:3)
  3 deep elf sorcerers (Elf:3)
  2 deep elf demonologists (Elf:3)
  The ghost of Engwar the Black Belt, a powerful DrTm of Gozag (Lair:8)
  A white draconian (IceCv)
  2 deep elf annihilators (Elf:3)
  A green death (Elf:3)
  A deep elf death mage (Elf:3)
  3 deep elf high priests (Elf:3)
  Fannar (Lair:1)
  Harold (Lair:1)
  A hydra (Lair:6)
  Erica (D:10)
  3 death yaks
  2 wandering mushrooms
  3 orc high priests (Orc:4)
  The ghost of Thrillho the Carver, an experienced OpBe of Trog (D:7)
  2 deep elf knights (Elf:1)
  An unseen horror (D:10)
  A hill giant (D:12)
  3 deep elf summoners (Elf:1)
  5 deep elf conjurers
  3 orc sorcerers (Orc:4)
  A sixfirhy (Elf:3)
  An ugly thing (D:11)
  Maurice (D:12)
  6 elephants
  4 black mambas
  A naga mage (Lair:4)
  A gargoyle (D:12)
  7 spiny frogs
  3 komodo dragons
  A kobold demonologist (D:12)
  2 hellwings (Elf:3)
  3 polar bears
  A baby alligator (Lair:3)
  7 blink frogs
  3 deep elf priests
  4 crocodiles
  23 yaks
  A ynoxinul (Orc:4)
  A basilisk (Lair:6)
  A wyvern (Lair:6)
  3 deep elf magi
  A hungry ghost (D:11)
  3 deep elf fighters
  3 centaurs
  Grum (D:10)
  A warg (Orc:1)
  2 hippogriffs (Lair:8)
  3 vampire mosquitoes (Lair:8)
  9 wolves
  2 ice beasts
  3 porcupines
  3 water moccasins
  13 orc warriors
  2 sky beasts
  Purgy (D:4)
  3 ogres
  2 elf skeletons (Elf:1)
  6 giant frogs
  A big kobold (D:8)
  A scorpion (D:7)
  7 killer bees
  5 wights (D:7)
  4 goliath beetles
  3 crimson imps
  A quasit (Orc:4)
  A jelly (Lair:6)
  8 orc priests
  A hound (Lair:5)
  A centaur skeleton (D:4)
  2 giant frog skeletons
  A two-headed ogre skeleton (D:11)
  A worker ant (D:5)
  2 iguanas
  18 orc wizards
  7 sheep
  6 gnolls
  20 river rats
  3 adders
  An adder skeleton (D:9)
  37 orcs
  A bat skeleton (D:4)
  A giant cockroach (D:4)
  2 goblins
  A hobgoblin (D:6)
  3 jackals (D:4)
  2 quokkas
  A giant newt (D:3)
  3 giant spores
  A kobold (D:10)
  2 rats
  A butterfly (Lair:3)
325 creatures vanquished.

Vanquished Creatures (others)
  4 oklob plants
  An orc knight (Orc:4)
  An elephant (D:9)
  A deep elf priest (Elf:3)
  5 shadows
  A centaur (D:6)
  An orc priest (Orc:4)
  2 worker ant zombies
  A gnoll (D:4)
  51 wandering mushrooms
  3 fungi
  4 plants (Lair:8)
  918 toadstools
993 creatures vanquished.

Grand Total: 2003 creatures vanquished

Notes
Turn   | Place    | Note
--------------------------------------------------------------
     0 | D:1      | M4edhros, the Octopode Artificer, began the quest for the Orb.
     0 | D:1      | Reached XP level 1. HP: 13/13 MP: 1/1
   107 | D:1      | Reached XP level 2. HP: 18/18 MP: 3/3
   213 | D:2      | Reached skill level 4 in Stealth
   213 | D:2      | Reached XP level 3. HP: 17/23 MP: 4/4
   417 | D:3      | Found a snail-covered altar of Cheibriados.
   459 | D:3      | Reached skill level 5 in Stealth
   542 | D:3      | Reached XP level 4. HP: 25/28 MP: 6/6
   814 | D:3      | Reached skill level 6 in Stealth
  1158 | D:4      | Reached XP level 5. HP: 27/33 MP: 7/7
  1234 | D:4      | Found a basalt altar of Yredelemnul.
  1254 | D:4      | Reached skill level 7 in Stealth
  1421 | D:4      | Reached skill level 8 in Stealth
  1427 | D:4      | Reached XP level 6. HP: 2/38 MP: 9/9
  1750 | D:5      | Entered Level 5 of the Dungeon
  1802 | D:5      | Found a staircase to the Ecumenical Temple.
  1824 | Temple   | Entered the Ecumenical Temple
  2067 | Temple   | Became a worshipper of Fedhas Madash
  2624 | D:5      | Reached skill level 1 in Slings
  2788 | D:5      | Acquired Fedhas' first power
  2836 | D:5      | Got a twisted helmet
  2837 | D:5      | Identified the +0 helmet "Dyabyame" {rC++ Curse} (You found it on level 5 of the Dungeon)
  3164 | D:5      | Reached skill level 9 in Stealth
  3248 | D:5      | Reached skill level 1 in Invocations
  3485 | D:4      | Reached XP level 7. HP: 15/43 MP: 11/11
  3486 | D:4      | Found a deep blue altar of Sif Muna.
  3692 | D:4      | Noticed Purgy
  3707 | D:4      | Killed Purgy
  4687 | D:2      | Acquired Fedhas' second power
  5759 | D:6      | Found Gheijes' General Store.
  5858 | D:6      | Acquired Fedhas' third power
  5864 | D:6      | Noticed Prince Ribbit
  5864 | D:6      | Reached XP level 8. HP: 32/48 MP: 5/12
  5892 | D:6      | Killed Prince Ribbit
  5892 | D:6      | Reached skill level 5 in Slings
  5892 | D:6      | Reached skill level 10 in Stealth
  6111 | D:6      | Found Klyown's Food Emporium.
  6118 | D:6      | Found Beiduoh's Distillery.
  6230 | D:6      | Bought 2 potions of heal wounds for 110 gold pieces
  6230 | D:6      | Bought a potion of invisibility for 88 gold pieces
  6764 | D:7      | Noticed Thrillho's ghost (experienced OpBe)
  6770 | D:7      | Killed Thrillho's ghost
  6770 | D:7      | Reached XP level 9. HP: 53/53 MP: 13/16
  6986 | D:7      | Reached skill level 5 in Invocations
  7082 | D:7      | Found a blossoming altar of Fedhas.
  7145 | D:7      | Reached skill level 11 in Stealth
  7417 | D:7      | Learned a level 2 spell: Blink
  7469 | D:7      | Found an opulent altar of Gozag.
  8083 | D:8      | Found Mourrata's Assorted Antiques.
  8084 | D:8      | Found an iron altar of Okawaru.
  8087 | D:8      | Bought a bone ring for 180 gold pieces
  8087 | D:8      | Bought a hunting sling for 54 gold pieces
  8087 | D:8      | Bought a murky pink potion for 32 gold pieces
  8250 | D:8      | Found a shimmering altar of Xom.
  8510 | D:8      | Acquired Fedhas' fourth power
  9045 | D:8      | Found a glowing silver altar of Zin.
  9127 | D:9      | Found a staircase to the Lair.
  9127 | D:9      | Noticed an elephant
  9130 | D:9      | an elephant (ally) was killed
  9141 | D:9      | Reached skill level 1 in Spellcasting
  9141 | D:9      | Reached XP level 10. HP: 39/59 MP: 20/20
  9169 | D:9      | Got a polished spear
  9170 | D:9      | Identified the +2 spear "Keuskein" {drain, Int+3} (You found it on level 9 of the Dungeon)
  9570 | D:9      | Upgraded the game from 0.16-a0-2921-g3a24241 to 0.16-a0-2934-g71f8417
  9638 | D:9      | Reached skill level 12 in Stealth
  9850 | D:9      | Found Huubbuf's General Store.
 10387 | D:10     | Entered Level 10 of the Dungeon
 10938 | D:10     | Noticed Grum
 10946 | D:10     | Noticed an unseen horror
 10953 | D:10     | Killed an unseen horror
 10955 | D:10     | Killed Grum
 11036 | D:10     | Noticed Erica
 11154 | D:10     | Killed Erica
 11380 | D:10     | Identified Sif Muna's Disquisition on Stones and Transmigration
 11392 | D:10     | Learned a level 2 spell: Stoneskin
 11435 | D:10     | Noticed Joseph
 11452 | D:10     | Killed Joseph
 11510 | D:10     | Reached XP level 11. HP: 38/67 MP: 19/22
 11515 | D:10     | Gained mutation: You are somewhat resistant to further mutation. [mutagenic meat]
 11516 | D:10     | Gained mutation: You tend to lose your temper in combat. [mutagenic meat]
 11564 | D:11     | Noticed a six-headed hydra
 11910 | D:11     | Reached skill level 10 in Slings
 11970 | D:11     | Reached skill level 13 in Stealth
 12081 | D:11     | Found a glowing silver altar of Zin.
 12316 | D:11     | Identified a scroll of acquirement
 12504 | D:11     | Killed a six-headed hydra
 12504 | D:11     | Reached skill level 5 in Dodging
 12832 | D:12     | Acquired Fedhas' fifth power
 12866 | D:12     | Found a staircase to the Orcish Mines.
 13184 | D:12     | Noticed a hill giant
 13194 | D:12     | Killed a hill giant
 13270 | D:12     | Reached skill level 5 in Fighting
 13779 | D:12     | Found a portal to a secret trove of treasure.
 13779 | D:12     | Found Yceg's Distillery.
 13807 | D:12     | Bought 2 potions of mutation for 60 gold pieces
 13808 | D:12     | Gained mutation: You are clumsy. (Dex -2) [potion of mutation]
 13809 | D:12     | Gained mutation: Your spells are a little harder to cast, but a little more powerful. [potion of mutation]
 13809 | D:12     | Lost mutation: Your spells are a little harder to cast, but a little more powerful. [potion of mutation]
 13809 | D:12     | Gained mutation: You are partially covered in slimy green scales (AC +2). [potion of mutation]
 13824 | D:12     | Noticed Maurice
 13849 | D:12     | Killed Maurice
 13948 | Orc:1    | Entered Level 1 of the Orcish Mines
 14433 | Orc:1    | Reached XP level 12. HP: 72/77 MP: 24/24
 15106 | Orc:4    | Entered Level 4 of the Orcish Mines
 15110 | Orc:4    | Upgraded the game from 0.16-a0-2934-g71f8417 to 0.16-a0-2944-g6f1bef2
 15158 | Orc:4    | Noticed an orc high priest
 15159 | Orc:4    | Noticed an orc high priest
 15159 | Orc:4    | Noticed an orc high priest
 15188 | Orc:4    | Killed an orc high priest
 15267 | Orc:4    | Killed an orc high priest
 15267 | Orc:4    | Reached skill level 5 in Spellcasting
 15272 | Orc:4    | Killed an orc high priest
 15290 | Orc:4    | Paralysed by an orc sorcerer for 4 turns
 15298 | Orc:4    | Reached skill level 14 in Stealth
 15301 | Orc:4    | Upgraded the game from 0.16-a0-2944-g6f1bef2 to 0.16-a0-2970-ge3807df
 15301 | Orc:4    | Found Thieh's Food Shop.
 15301 | Orc:4    | Found Ifaidgh's Gadget Shop.
 15352 | Orc:4    | Found Iraopoa's Armour Shoppe.
 15352 | Orc:4    | Found Shryryukh's Armour Shoppe.
 15477 | Orc:4    | Found a staircase to the Elven Halls.
 15565 | Orc:4    | Found a shimmering altar of Xom.
 16372 | Orc:4    | Bought a -1 rod of inaccuracy (10/10) for 1120 gold pieces
 16561 | D:10     | Learned a level 3 spell: Spider Form
 16563 | D:10     | Learned a level 1 spell: Summon Butterflies
 16566 | D:10     | Learned a level 2 spell: Corpse Rot
 16569 | D:10     | Learned a level 2 spell: Sticks to Snakes
 16659 | Lair:1   | Entered Level 1 of the Lair of Beasts
 16659 | Lair:1   | Noticed Harold
 16678 | Lair:1   | Killed Harold
 17248 | Lair:1   | Noticed Fannar
 17275 | Lair:1   | Killed Fannar
 17727 | Lair:2   | Learned a level 3 spell: Conjure Flame
 17732 | Lair:2   | Learned a level 4 spell: Sticky Flame
 17925 | Lair:2   | Found a frozen archway.
 17978 | IceCv    | Entered an ice cave
 18390 | IceCv    | Reached skill level 1 in Conjurations
 18412 | IceCv    | Reached XP level 13. HP: 25/84 MP: 20/26
 18511 | IceCv    | Reached skill level 1 in Fire Magic
 19139 | IceCv    | Gained mutation: Your system is resistant to poisons. [potion of mutation]
 19139 | IceCv    | Gained mutation: You are frail (-10% HP). [potion of mutation]
 19249 | IceCv    | Learned a level 2 spell: Throw Flame
 19676 | IceCv    | Noticed a death yak
 19703 | IceCv    | Killed a death yak
 19830 | IceCv    | Noticed a white draconian
 19919 | IceCv    | Learned a level 3 spell: Inner Flame
 19955 | IceCv    | Killed a white draconian
 20063 | IceCv    | Got a black opal-encrusted scale mail
 21466 | Lair:3   | Found a staircase to the Swamp.
 21474 | Lair:3   | Reached skill level 5 in Evocations
 22177 | Lair:4   | Found a staircase to the Snake Pit.
 22365 | Lair:4   | Reached skill level 1 in Shields
 22894 | Lair:4   | Reached skill level 15 in Stealth
 24050 | Lair:5   | Reached XP level 14. HP: 72/82 MP: 12/28
 24402 | Lair:6   | Reached skill level 10 in Invocations
 24511 | Lair:6   | Found a staircase to the Slime Pits.
 26678 | Lair:8   | Entered Level 8 of the Lair of Beasts
 26958 | Lair:8   | Noticed Engwar's ghost (powerful DrTm)
 26998 | Lair:8   | Killed Engwar's ghost
 27221 | Lair:8   | Upgraded the game from 0.16-a0-2970-ge3807df to 0.16-a0-2984-g889390b
 27245 | Lair:8   | Reached skill level 5 in Conjurations
 27392 | Lair:8   | Got a fine halberd
 27934 | Elf:1    | Entered Level 1 of the Elven Halls
 28299 | Elf:1    | Reached XP level 15. HP: 87/89 MP: 29/29
 28568 | Elf:1    | Reached skill level 5 in Fire Magic
 29090 | Elf:2    | Found a radiant altar of Vehumet.
 29150 | Elf:3    | Entered Level 3 of the Elven Halls
 29271 | Elf:3    | Identified the +12 halberd of Ragnarok {chop, rF+ rC++ SInv} (You found it on level 8 of the Lair of Beasts)
 29341 | Elf:3    | Reached skill level 5 in Shields
 29544 | Elf:3    | Noticed a deep elf master archer
 29555 | Elf:3    | Killed a deep elf master archer
 29566 | Elf:3    | Noticed a deep elf blademaster
 29580 | Elf:3    | Killed a deep elf blademaster
 29784 | Elf:3    | Cast into the Abyss (a deep elf sorcerer)
 29889 | Elf:3    | Escaped the Abyss
 29890 | Elf:3    | Noticed a Hell Sentinel
 29995 | Elf:3    | Reached skill level 10 in Evocations
 30336 | Elf:3    | Cast into the Abyss (a deep elf sorcerer)
 30340 | Abyss:1  | Noticed a bone dragon
 30386 | Abyss:1  | Noticed a bone dragon
 30390 | Abyss:1  | Mangled by a bone dragon

Action                   |  1- 3 |  4- 6 |  7- 9 | 10-12 | 13-15 || total
-------------------------+-------+-------+-------+-------+-------++-------
Melee: Short sword       |    26 |       |    54 |       |       ||    80
       Rapier            |    30 |    70 |       |       |       ||   100
       Spear             |       |    85 |    93 |       |       ||   178
       Hunting sling     |       |       |       |     1 |       ||     1
 Fire: Hunting sling     |       |    13 |   267 |  1278 |  1657 ||  3215
 Cast: Conjure Flame     |       |       |       |     7 |    23 ||    30
       Throw Flame       |       |       |       |       |     7 ||     7
       Inner Flame       |       |       |       |       |     3 ||     3
       Sticky Flame      |       |       |       |       |    13 ||    13
       Corpse Rot        |       |       |       |       |     1 ||     1
       Stoneskin         |       |       |       |       |     1 ||     1
Invok: Evolution         |       |     2 |     6 |    19 |    37 ||    64
       Sunlight          |       |       |     2 |    12 |    18 ||    32
       Rain              |       |       |       |     2 |     6 ||     8
       Reproduction      |       |       |       |     1 |     2 ||     3
       Growth            |       |       |       |     1 |     4 ||     5
Evoke: Wand              |       |    12 |     8 |     8 |    24 ||    52
       Fan of gales      |       |       |       |       |     1 ||     1
       Rod               |       |       |       |       |     7 ||     7
  Use: Potion            |     5 |     1 |     7 |     4 |    17 ||    34
       Scroll            |       |     7 |     8 |    10 |     7 ||    32
 Stab: Sleeping          |     3 |    21 |    29 |       |       ||    53
       Distracted        |       |       |     2 |       |       ||     2
  Eat: Chunk             |       |     5 |     7 |    18 |    26 ||    56
       Pizza             |       |     1 |     3 |     4 |     5 ||    13
       Beef jerky        |       |     1 |     3 |       |       ||     4
       Bread ration      |       |       |       |     2 |     2 ||     4
